 Dungeon Crawl Stone Soup version 0.17-a0-725-gfa8c127 (webtiles) character file.

385 xeno23 the Chiller (level 6, -2/41 HPs)
             Began as a Merfolk Ice Elementalist on Apr 20, 2015.
             Slain by an ice beast (14 damage)
             ... on level 4 of the Dungeon.
             The game lasted 00:21:52 (4008 turns).

xeno23 the Chiller (Merfolk Ice Elementalist)       Turns: 4008, Time: 00:21:52

Health: -2/41      AC: 11    Str:  9    XL:     6   Next: 77%
Magic:  3/9        EV: 12    Int: 16    God:
Gold:   322        SH:  0    Dex: 14    Spells: 3 memorised, 1 level left

rFire  . . .     SeeInvis .     n - +0 dagger (venom)
rCold  . . .     Clarity  .     k - +1 leather armour {MR+}
rNeg   . . .     SustAb   .     (no shield)
rPois  .         Gourm    +     (no helmet)
rElec  .         Spirit   .     s - +0 cloak
rCorr  .         Warding  .     m - +0 pair of gloves
rMut   .         Stasis   .     (no boots)
MR     +....                    a - amulet of the gourmand
Stlth  ++........               (no ring)
                                (no ring)

@: icy armour, very slightly contaminated, somewhat resistant to hostile
enchantments, unstealthy
A: change form in water, swift swim
a: no special abilities


You were on level 4 of the Dungeon.
You were not hungry.

You visited 1 branch of the dungeon, and saw 4 of its levels.
You also visited: Ossuary.

You collected 322 gold pieces.

Inventory:

Hand weapons
 d - a cursed +1 whip
 n - a +0 dagger of venom (weapon)
 q - a +0 hunting sling
 v - a +1 falchion of holy wrath
Missiles
 r - 20 stones (quivered)
Armour
 k - a +1 leather armour of magic resistance (worn)
 m - a +0 pair of gloves (worn)
 s - a +0 cloak (worn)
Jewellery
 a - an amulet of the gourmand (around neck)
 y - an uncursed amulet of warding {unknown}
Scrolls
 g - 2 scrolls of immolation
 h - a scroll of magic mapping
 p - 2 scrolls of remove curse
 u - 2 scrolls of teleportation
Potions
 e - a potion of heal wounds
 f - a potion of magic {unknown}
 i - a potion of curing
 j - a potion of restore abilities
 l - a potion of mutation
 o - 2 potions of resistance
 x - a potion of might {unknown}
 z - a potion of cure mutation {unknown}
 A - a potion of invisibility {unknown}
 B - a potion of agility {unknown}
 C - a potion of ambrosia {unknown}
 D - a potion of lignification {unknown}
Books
 b - a book of Frost

   Spells                             Type                      Level
   a - Freeze                         Ice                          1
   b - Throw Frost                    Conjuration/Ice              2
   c - Ozocubu's Armour               Charms/Ice                   3
   d - Throw Icicle                   Conjuration/Ice              4
   e - Summon Ice Beast               Ice/Summoning                4
   f - Condensation Shield            Ice                          4
 w - a book of Annihilations {highlevel, unknown}

   This book is beyond your current level of understanding.

   Spells                             Type                      Level
   a - Poison Arrow                   Conjuration/Poison           6
   b - Chain Lightning                Conjuration/Air              8
   c - Lehudib's Crystal Spear        Conjuration/Earth            8
   d - Glaciate                       Conjuration/Ice              9
   e - Fire Storm                     Conjuration/Fire             9
Comestibles
 c - 2 bread rations
 t - a meat ration


   Skills:
 - Level 2.6 Dodging
 - Level 2.1 Stealth
 - Level 2.0 Spellcasting
   Level 0.7 Conjurations
 + Level 4.1 Summonings
 - Level 6.5 Ice Magic


You had one spell level left.
You knew the following spells:

 Your Spells              Type           Power        Failure   Level  Hunger
a - Freeze                Ice            ###.         1%          1    #......
c - Summon Ice Beast      Ice/Summ       ###.....     38%         4    #####..
x - Ozocubu's Armour      Chrm/Ice       ##......     24%         3    ###....


Dungeon Overview and Level Annotations

Branches:
Dungeon (4/15)
 Temple: D:4-7

Altars:
Nemelex Xobeh

Annotations:
D:3 Shacut's ghost, average GrBe


Message History

You closely miss the ice beast.
The ice beast is severely wounded.
The ice beast hits you but does no damage.
You closely miss the ice beast.
The ice beast is severely wounded.
The ice beast closely misses you.
You completely miss the ice beast.
The ice beast is severely wounded.
The ice beast hits you. The ice beast freezes you!
You take 16 damage.
Casting: Ozocubu's Armour
Confirm with . or Enter, or press ? or * to list all spells.
A film of ice covers your body!
The ice beast hits you but does no damage.
You barely miss the ice beast.
The ice beast is almost dead.
The ice beast hits you.
* * * LOW HITPOINT WARNING * * *
The ice beast freezes you!
You die...

*,****.........####..........#...
*,*,,,,###....######.#######..[#*
*,*,*,**#.<...# #....# ****,...##
*,,,,,**,.#...# #.#### *,,,,.#...
****,***,*##### #.# *,***.####
*,* *,* #.#*****,* *!# * *,* ***
##.#*,,,,,* *.# *,* #Y.#,,,,,**
*.# *,* *#@##,,,,,* *.#* *,**
#..#*,,,,,* #..##* *,,**
#.##**,,,** **...* ****,,*****
*#.* ***** **#.# *>,,,,,,,,***..*
#.. *,,,,,,,,,,,..#* #..
*,,,,,,,,,**##* #.. *,,,,,,,,,*
##. *,,,,,,,,,* #.


You could see an ice beast.

Vanquished Creatures
  A phantom (D:4)
  A giant frog (D:4)
  An iguana (D:4)
  8 mummies (Ossuary)
  3 adders
  An ooze (D:2)
  An adder skeleton (D:4)
  5 giant geckos
  3 orcs (D:4)
  3 giant cockroaches
  A gnoll zombie (Ossuary)
  9 hobgoblins
  4 jackals (D:1)
  3 ball pythons
  9 giant newts
  7 goblins
  8 kobolds
  3 kobold zombies (Ossuary)
  4 orc zombies (Ossuary)
  2 quokkas
  5 rats
  A plant (D:4)
83 creatures vanquished.

Notes
Turn   | Place    | Note
--------------------------------------------------------------
     0 | D:1      | xeno23, the Merfolk Ice Elementalist, began the quest for the Orb.
     0 | D:1      | Reached XP level 1. HP: 13/13 MP: 3/3
    81 | D:1      | Found a sparkling altar of Nemelex Xobeh.
   280 | D:1      | Reached XP level 2. HP: 19/19 MP: 1/5
   367 | D:1      | Reached skill level 4 in Ice Magic
   860 | D:1      | Reached XP level 3. HP: 18/24 MP: 2/6
  1086 | D:2      | Reached skill level 5 in Ice Magic
  1093 | D:2      | Learned a level 3 spell: Ozocubu's Armour
  1213 | D:2      | Reached XP level 4. HP: 30/30 MP: 4/7
  1442 | D:3      | Noticed Shacut's ghost (average GrBe)
  1579 | D:3      | HP: 1/30 [Shacut's ghost (9)]
  2164 | D:3      | Noticed a phantom
  2410 | D:4      | Noticed a giant frog
  2432 | D:4      | Killed a giant frog
  2432 | D:4      | Reached skill level 6 in Ice Magic
  2432 | D:4      | Reached XP level 5. HP: 15/35 MP: 0/8
  2534 | D:4      | Noticed a phantom
  2541 | D:4      | Found a sand-covered staircase.
  2550 | Ossuary  | Entered an ossuary
  2734 | Ossuary  | Learned a level 4 spell: Summon Ice Beast
  2855 | Ossuary  | Reached skill level 1 in Summonings
  3140 | Ossuary  | Reached XP level 6. HP: 28/41 MP: 6/9
  3783 | D:4      | Killed a phantom
  3966 | D:4      | Noticed an ice beast
  4008 | D:4      | Slain by an ice beast

Action                   |  1- 3 |  4- 6 || total
-------------------------+-------+-------++-------
Melee: Whip              |    40 |       ||    40
       Dagger            |    18 |   162 ||   180
       Falchion          |       |    79 ||    79
 Cast: Freeze            |    40 |    15 ||    55
       Ozocubu's Armour  |       |    18 ||    18
  Use: Potion            |     1 |     1 ||     2
       Scroll            |     4 |    10 ||    14
 Stab: Sleeping          |     1 |     1 ||     2
  Eat: Chunk             |     2 |    16 ||    18
